 Dungeon Crawl Stone Soup version 0.26-a0-466-g989023bd0d (webtiles) character file.

Game seed: 14247196669280036355

72 Infinimo the Insei (level 4, -1/32 HPs)
             Began as a Merfolk Transmuter on July 29, 2020.
             Slain by a gnoll
             ... wielding a +0 spear
              (4 damage)
             ... on level 2 of the Dungeon.
             The game lasted 00:02:06 (1971 turns).

Infinimo the Insei (Merfolk Transmuter)             Turns: 1971, Time: 00:02:07

Health: -1/32      AC:  3    Str: 11    XL:     4   Next: 26%
Magic:  5/7        EV: 13    Int: 12    God:
Gold:   93         SH:  0    Dex: 14    Spells: 4/7 levels left

rFire    . . .     SeeInvis .     - Unarmed
rCold    . . .     Faith    .   (no shield)
rNeg     . . .     Spirit   .   a - +0 robe
rPois    .         Reflect  .   c - +1 hat
rElec    .         Harm     .   (no cloak)
rCorr    .                      (no gloves)
MR       .....                  (no boots)
Stlth    +.........             (no amulet)
HPRegen  0.10/turn              (no ring)
MPRegen  0.10/turn              (no ring)

@: wereblooded (expiring)
A: change form in water, swift swim, stealthy swim
a: no special abilities


You were on level 2 of the Dungeon.
You visited 1 branch of the dungeon, and saw 2 of its levels.

You collected 93 gold pieces.

Inventory:

Armour
 a - a +0 robe (worn)
 c - a +1 hat (worn)
Jewellery
 i - an uncursed ring of poison resistance {unknown}
Wands
 e - a wand of digging (7)
Scrolls
 d - a scroll of identify {unknown}
 f - a scroll of remove curse
 g - a scroll of amnesia {unknown}
Potions
 b - a potion of stabbing {unknown}
 h - a potion of might


   Skills:
 - Level 1.1 Fighting
 - Level 2.7 Dodging
 * Level 4.8 Unarmed Combat
 - Level 2.0 Spellcasting
 + Level 3.9 Transmutations


You had 4 spell levels left.
You knew the following spells:

 Your Spells              Type           Power        Failure   Level
a - Beastly Appendage     Tmut           ##....       5%          1
b - Wereblood             Tmut           ##......     9%          2

Your spell library contained the following spells:

 Spells                   Type           Power        Failure   Level
 Spider Form              Tmut/Pois      #.........   36%         3
 Ice Form                 Ice/Tmut       #.......     77%         4
 Blade Hands              Tmut           ##........   83%         5


Dungeon Overview and Level Annotations

Branches:
Dungeon (2/15)

Altars:
Yredelemnul


Message History

You punch the gnoll!
The gnoll is heavily wounded.
The gnoll is heavily wounded.
The gnoll hits you.
You are too injured to fight recklessly!
You are too injured to fight recklessly!
You are too injured to fight recklessly!
You punch the gnoll!
You kill the gnoll!
Things that are here:
a cursed -3 club; a +0 spear; a gnoll corpse The gnoll is moderately wounded.
You punch the gnoll, but do no damage.
The gnoll is heavily wounded.
The gnoll hits you from afar with a +0 halberd!
* * * LOW HITPOINT WARNING * * *
The gnoll is almost dead.
Your primal bloodlust is almost over.
The gnoll hits you with a +0 spear.
You die...

.# ##..##
#.g#..†...# .##
#..# #..#..###.#
..###..#
#..#..###.##
.......#
#..#........
.####.##
#..#)....... .#
#.# #..#........
.# #.#
#..g.####.## .#
#.# #..#g# ...
.####.# #.##@# ##
......# #. #.#
##.#############.#
#...............#
###############.#
###


You could see 2 gnolls.

Vanquished Creatures
  2 gnolls (D:2)
  An adder (D:2)
  An ooze (D:1)
  A worm (D:2)
  A leopard gecko (D:1)
  3 bats
  A giant cockroach (D:1)
  7 goblins
  4 hobgoblins
  7 kobolds
  4 frilled lizards
  4 rats
36 creatures vanquished.

Notes
Turn   | Place    | Note
-------+----------+-------------------------------------------
     0 | D:1      | Infinimo the Merfolk Transmuter began the quest for the
                  | Orb.
     0 | D:1      | Reached XP level 1. HP: 15/15 MP: 3/3
    79 | D:1      | Reached XP level 2. HP: 19/21 MP: 5/5
   749 | D:1      | Reached skill level 4 in Unarmed Combat
   822 | D:1      | Reached XP level 3. HP: 15/26 MP: 6/6
  1673 | D:2      | Learned a level 2 spell: Wereblood
  1828 | D:2      | Found a basalt altar of Yredelemnul.
  1959 | D:2      | Reached XP level 4. HP: 24/32 MP: 4/7
  1971 | D:2      | Slain by a gnoll

Illustrated notes

Levels and vault maps discovered:
D:1:      dpeg_arrival_long_road, layout_rooms
D:2:      minmay_chambers_of_ones, layout_basic, bloody_trog,
          old_standard_altar, yredelemnul_altar_generic, uniq_terence

Skill      XL: |  1  2 |
---------------+-------+-----
Transmutations | 3 |  3.9
Unarmed Combat | 4 |  4.8
Fighting       | |  1.1
Dodging        | |  2.7
Spellcasting   | |  2.0

Action                   |  1- 3 |  4- 6 || total
-------------------------+-------+-------++-------
Melee: Unarmed           |   121 |    11 ||   132
       Punch             |     1 |     1 ||     2
 Cast: Wereblood         |     4 |       ||     4
  Use: Potion            |     3 |       ||     3
       Scroll            |     4 |       ||     4
 Stab: Sleeping          |     2 |       ||     2
Armor: Robe              |    17 |     2 ||    19
Dodge: Dodged            |    77 |     7 ||    84

Table legend: (Time is in decaauts)
 A = Elapsed time spent in this place.
 B = Non-inter-level travel time spent in this place.
 C = Inter-level travel time spent in this place.
 D = Time resting spent in this place.
 E = Time spent auto-exploring this place.
 F = Levels seen in this place.
 G = Mean time per level.
                   A        B        C        D        E       F      G
               +--------+--------+--------+--------+--------+-----+--------+
         Total |   1961 |   1943 |     18 |    670 |    983 |   2 |  980.5 |
       Dungeon |   1961 |   1943 |     18 |    670 |    983 |   2 |  980.5 |
               +--------+--------+--------+--------+--------+-----+--------+

Top non-repeatable levels by time:
     D:1: 1221 daAuts
     D:2: 740 daAuts
